 Dungeon Crawl Stone Soup version 0.17-a0-1519-g2001520 (webtiles) character file.

260 Redz the Sneak (level 6, -2/35 HPs)
             Began as a Kobold Enchanter on July 13, 2015.
             Killed by nerve-wracking pain
             ... invoked by an orc priest
              (10 damage)
             ... on level 3 of the Dungeon.
             The game lasted 00:11:53 (3224 turns).

Redz the Sneak (Kobold Enchanter)                   Turns: 3224, Time: 00:11:53

Health: -2/35      AC:  5    Str:  7    XL:     6   Next: 41%
Magic:  2/10       EV: 16    Int: 15    God:
Gold:   134        SH:  0    Dex: 16    Spells: 3 memorised, 5 levels left

rFire  . . .     SeeInvis +     a - +1 dagger
rCold  . . .     Clarity  .     b - +1 robe
rNeg   . . .     SustAt   .     (shield restricted)
rPois  .         Gourm    .     (no helmet)
rElec  .         Spirit   .     (no cloak)
rCorr  .         Warding  .     k - +0 pair of gloves
rMut   .         Stasis   .     h - +0 pair of boots
MR     .....                    (no amulet)
Stlth  +++.......               (no ring)
                                u - ring of see invisible

@: not resistant to hostile enchantments, fairly stealthy
A: carnivore 3
a: no special abilities


You were on level 3 of the Dungeon.
You were very full.

You visited 1 branch of the dungeon, and saw 3 of its levels.

You collected 134 gold pieces.

Inventory:

Hand weapons
 a - a +1 dagger (weapon)
 p - a +1 antimagic short sword
Armour
 b - a +1 robe (worn)
 h - a +0 pair of boots (worn)
 k - a +0 pair of gloves (worn)
Jewellery
 u - a ring of see invisible (left hand)
Magical devices
 r - a wand of lightning (7)
Scrolls
 g - 3 scrolls of enchant weapon {unknown}
 i - a scroll of teleportation {unknown}
 m - 2 scrolls of identify {unknown}
 o - 2 scrolls of immolation {unknown}
 q - a scroll of enchant armour {unknown}
 s - a scroll of fog {unknown}
 t - a scroll of fear {unknown}
Potions
 e - 3 potions of curing {unknown}
 j - 2 potions of invisibility {unknown}
 l - a potion of agility {unknown}
 v - 2 potions of resistance {unknown}
Books
 c - a book of Maledictions

   Spells                             Type                      Level
   a - Corona                         Hexes                        1
   b - Ensorcelled Hibernation        Hexes/Ice                    2
   c - Confuse                        Hexes                        3
   d - Tukima's Dance                 Hexes                        3
   e - Dazzling Spray                 Conjuration/Hexes            3
Comestibles
 d - 5 meat rations
 f - 4 beef jerkies
 n - a slice of pizza


   Skills:
 + Level 2.2 Fighting
 + Level 3.5 Short Blades
 + Level 3.6 Dodging
 + Level 5.3 Stealth
 + Level 3.0 Spellcasting
 + Level 3.7 Hexes


You had 5 spell levels left.
You knew the following spells:

 Your Spells              Type           Power        Failure   Level  Hunger
a - Corona                Hex            ##.....      6%          1    #......
b - Ensorcelled Hibernat  Hex/Ice        #.....       14%         2    ##.....
c - Confuse               Hex            ##......     17%         3    ###....


Dungeon Overview and Level Annotations

Branches:
Dungeon (3/15)

Altars:
Gozag
Zin


Innate Abilities, Weirdness & Mutations

You are small and have problems with some larger weapons.
You are carnivorous and can eat meat at any time.


Message History

The orc priest misses you.
You hit the orc priest.
The orc priest is severely wounded.
You hit the orc priest but do no damage.
The orc priest is severely wounded.
The orc priest misses you.
You hit the orc priest but do no damage.
The orc priest is severely wounded.
The orc priest closely misses you.
You hit the orc priest but do no damage.
The orc priest is severely wounded.
You hit the orc priest but do no damage.
The orc priest is severely wounded.
The orc priest hits you with a hand axe.
* * * LOW HITPOINT WARNING * * *
You hit the orc priest but do no damage.
The orc priest is severely wounded.
The orc priest invokes the aid of Beogh against you.
Pain shoots through your body!
You die...

.###...o..#.#
♣♣.♣.♣.♣♣ ♣
......o...#.#♣♣...♣♣♣♣
♣♣ #.........#.#♣..♣♣♣
♣. #.........#.#♣.♣♣
♣.
######..?......#....♣
♣♣.
#....#.........#.#♣♣♣
♣♣..
#..?$#..o.=....#.#
♣..♣ #.##.#...#####
#.# ♣♣..♣
............# #@#
♣..♣♣ ..........b.#
#o# ♣♣♣ ♣..♣
.......o....# #o# ♣.♣
♣♣.♣♣ .....#...####
#S# ♣♣♣.♣ ♣..♣
..........######o#
♣♣...♣♣♣..♣
...........o.....#
♣.†...♣..♣♣
.............o...#
♣...♣....♣
†..>.......<.....#
♣.♣♣♣♣.♣♣♣
##.........o.....# ♣.♣
♣♣♣


You could see an orc priest, an adder and 2 orcs.

Vanquished Creatures
  A water moccasin (D:3)
  6 adders
  3 gnolls (D:2)
  3 worms (D:2)
  2 orcs (D:3)
  2 bat zombies
  7 giant cockroaches
  9 goblins
  9 hobgoblins
  A quokka (D:2)
  A ball python (D:2)
  10 bats
  A giant cockroach zombie (D:1)
  3 giant newts
  9 kobolds
  8 rats
75 creatures vanquished.

Notes
Turn   | Place    | Note
--------------------------------------------------------------
     0 | D:1      | Redz the Kobold Enchanter began the quest for the Orb.
     0 | D:1      | Reached XP level 1. HP: 10/10 MP: 3/3
   322 | D:1      | Reached XP level 2. HP: 12/15 MP: 5/5
   808 | D:1      | Reached XP level 3. HP: 16/20 MP: 6/6
   900 | D:1      | Learned a level 2 spell: Ensorcelled Hibernation
   904 | D:1      | Learned a level 3 spell: Confuse
  1188 | D:2      | Found an opulent altar of Gozag.
  1247 | D:2      | Reached skill level 1 in Fighting
  1516 | D:2      | Reached XP level 4. HP: 25/25 MP: 7/7
  1954 | D:2      | Reached XP level 5. HP: 29/29 MP: 5/8
  2677 | D:3      | Reached skill level 5 in Stealth
  2923 | D:3      | Noticed a water moccasin
  2930 | D:3      | Killed a water moccasin
  2930 | D:3      | Reached XP level 6. HP: 35/35 MP: 10/10
  3081 | D:3      | Found a glowing silver altar of Zin.
  3224 | D:3      | Killed from afar by an orc priest

Vault maps used:
D:1:      saegor_arrival_fortress
D:2:      st_stairs_9, grunt_gozag_statues
D:3:      forest_paths, nicolae_overflow_crystal_walls, zin_treasury,
          nicolae_overflow_hidden_temple, first_bread

Action                   |  1- 3 |  4- 6 || total
-------------------------+-------+-------++-------
Melee: Dagger            |   110 |   168 ||   278
 Cast: Corona            |     2 |       ||     2
       Ensorcelled Hiber |     5 |    24 ||    29
       Confuse           |     1 |     1 ||     2
 Stab: Sleeping          |    10 |    18 ||    28
  Eat: Chunk             |     9 |     8 ||    17
